 Dungeon Crawl Stone Soup version 0.22.0 (webtiles) character file.

45 BigChef the Skirmisher (level 3, -1/29 HPs)
             Began as a Demonspawn Chaos Knight on Sept 3, 2018.
             Slain by an adder (2 damage)
             ... on level 2 of the Dungeon.
             The game lasted 00:02:05 (1122 turns).

BigChef the Skirmisher (Demonspawn Chaos Knight)    Turns: 1122, Time: 00:02:06

Health: -1/29      AC:  7    Str: 13    XL:     3   Next: 42%
Magic:  0/3        EV: 10    Int: 13    God:    Xom [..*...]
Gold:   80         SH:  0    Dex: 12    Spells: 2/2 levels left

rFire    + . .     SeeInvis .   a - +0 falchion (chaos)
rCold    + . .     Gourm    .   (no shield)
rNeg     . . .     Faith    .   b - +2 leather armour
rPois    +         Spirit   +   (no helmet)
rElec    +         Reflect  .   (no cloak)
rCorr    +         Harm     .   (no gloves)
MR       .....                  (no boots)
Stlth    +.........             i - amulet of inaccuracy (curse)
HPRegen  0.09/turn              (no ring)
MPRegen  0.08/turn              (no ring)

@: lethally poisoned (-1 -> -6), resistant, heavily drained, invisible
A: icy blue scales 1, magic shield
a: Renounce Religion


You were on level 2 of the Dungeon.
You worshipped Xom.
You were a toy of Xom.
You were hungry.

You visited 1 branch of the dungeon, and saw 2 of its levels.

You collected 80 gold pieces.

Inventory:

Hand Weapons
 a - a +0 falchion of chaos (weapon)
Armour
 b - a +2 leather armour (worn)
Jewellery
 g - an uncursed amulet of the gourmand
 h - an uncursed amulet of harm
 i - a cursed amulet of inaccuracy (around neck)
 l - an uncursed ring of ice {unknown}
Scrolls
 e - a scroll of amnesia {unknown}
 f - 4 scrolls of identify
 k - a scroll of teleportation {unknown}
Potions
 d - 2 potions of might
Comestibles
 c - 2 rations


   Skills:
 + Level 3.5(1.9) Fighting
 + Level 3.5(1.9) Long Blades
 + Level 2.1(0.6) Armour
 + Level 0.9(0.0) Dodging


You had 2 spell levels left.
You didn't know any spells.
Your spell library was empty.

Dungeon Overview and Level Annotations

Branches:
Dungeon (2/15)

Altars:


Innate Abilities, Weirdness & Mutations

You are partially covered in icy blue scales. (AC +2)
When hurt, damage is shared between your health and your magic reserves.


Message History

You feel sick.
Something bites you but does no damage. x2
You closely miss something. Something bites you but does no damage.
You closely miss something.
* * * LOW HITPOINT WARNING * * *
You feel sick. Something bites you but does no damage. Something bites you.
* * * LOW HITPOINT WARNING * * *
You completely miss something.
* * * LOW HITPOINT WARNING * * *
You feel sick. Something bites you but does no damage. Something bites you.
* * * LOW HITPOINT WARNING * * *
You closely miss something. Something bites you but does no damage.
It was a potion of resistance.
You feel protected.
Xom is highly amused!
* * * LOW HITPOINT WARNING * * *
You feel sick. Something bites you but does no damage.
You fade into invisibility!
Something bites you but does no damage. Something bites you.
You die... "I guess I need a new plaything now."

......#..............†##....#...
.###########.#######..........#
.# #......#.# #.#......#. .#
#.####.#.# #.#......# .#
#....#.#.# #.#....#.#
.#######.#.#.# #.#..?.# ..
.......#.#.#.# #.#....# .#
######...#.#.#######.#....#
########.#....@{g.......#
#......#.##########.....#
#.####.#.# #...### #.# #.#.#
############# #.# #.#.#
#...........# #.# #.#.#
#...........# ###.# #.#.#
#...........# #...#
#.#.####...........#
#...####.....##...........#


You could see a hobgoblin.

Vanquished Creatures
  An ooze (D:1)
  A leopard gecko (D:1)
  3 goblins
  5 hobgoblins (D:1)
  7 jackals
  10 kobolds
  5 bats (D:1)
  A frilled lizard (D:1)
  3 rats
36 creatures vanquished.

Notes
Turn   | Place    | Note
-------+----------+-------------------------------------------
     0 | D:1      | BigChef the Demonspawn Chaos Knight began the quest for the Orb.
     0 | D:1      | Reached XP level 1. HP: 18/18 MP: 1/1
    45 | D:1      | Gained mutation: When hurt, damage is shared between your health and your magic reserves. [demonic ancestry]
    45 | D:1      | Reached XP level 2. HP: 22/24 MP: 2/2
   337 | D:1      | Gained mutation: You are partially covered in icy blue scales. (AC +2) [demonic ancestry]
   337 | D:1      | Reached XP level 3. HP: 18/29 MP: 3/3
   409 | D:1      | XOM: mild Erth miscast
  1119 | D:2      | HP: 1/29 [something (1)]
  1122 | D:2      | Slain by an adder

Skill      XL: |  1  2  3 |
---------------+----------+-----
Long Blades    | 3 |  3.5
Armour         | 2 |  2.1
Fighting       | |  3.5
Dodging        | |  0.9

Action                   || total
-------------------------++-------
Melee: Falchion          ||   120
  Use: Scroll            ||     3
       Potion            ||     2
Armor: Leather armour    ||    59
Dodge: Dodged            ||    86
       Rpst.: Falchion   ||    18
